 Dungeon Crawl Stone Soup version 0.28-a0-1235-g7c8fac35f0 (webtiles) character file.

Game seed: 13654089428325579664

4743 r3xj the Cleaver (level 10, -8/97 HPs)
             Began as a Minotaur Fighter on Dec 24, 2021.
             Was a Priest of Okawaru.
             Mangled by a komodo dragon (26 damage)
             ... on level 7 of the Dungeon.
             The game lasted 00:26:22 (10675 turns).

r3xj the Cleaver (Minotaur Fighter)                Turns: 10675, Time: 00:26:22

Health: -8/97      AC: 13    Str: 25    XL:     10   Next: 22%
Magic:  9/9        EV:  8    Int:  5    God:    Okawaru [***...]
Gold:   47         SH:  5    Dex: 10    Spells: 9/9 levels left

rFire   . . .      SeeInvis .   a - +0 war axe
rCold   . . .      Faith    .   c - +0 buckler
rNeg    + . .      Spirit   .   g - +0 plate armour
rPois   .          Reflect  .   (helmet restricted)
rElec   .          Harm     .   v - +0 cloak
rCorr   .          Rampage  .   (no gloves)
Will    +....                   (no boots)
Stlth   ..........              (no amulet)
HPRegen 0.26/turn               o - ring of positive energy
MPRegen 0.11/turn               y - ring of willpower

@: no status effects
A: horns 2, retaliatory headbutt
a: Renounce Religion, Heroism


You were on level 7 of the Dungeon.
You worshipped Okawaru.
Okawaru was most pleased with you.
You visited 2 branches of the dungeon, and saw 9 of its levels.

You collected 356 gold pieces.
You spent 309 gold pieces at shops.

Inventory:

Hand Weapons
 a - a +0 war axe (weapon)
 u - a +2 quarterstaff of chaos
 w - a +2 mace of protection
Missiles
 m - 5 throwing nets
 r - 42 poisoned darts (quivered)
Armour
 c - a +0 buckler (worn)
 e - +2 steam dragon scales
 g - a +0 plate armour (worn)
 v - a +0 cloak (worn)
Jewellery
 o - a ring of positive energy (left hand)
 y - a ring of willpower (right hand)
Wands
 k - a wand of paralysis (15)
Scrolls
 l - a scroll of enchant weapon {unknown}
 n - 4 scrolls of teleportation
 p - 2 scrolls of fog
 q - a scroll of magic mapping
 s - 2 scrolls of amnesia {unknown}
 z - 3 scrolls of immolation {unknown}
 B - 3 scrolls of fear {unknown}
 C - a scroll of holy word {unknown}
 D - a scroll of torment {unknown}
 E - a scroll of brand weapon {unknown}
Potions
 b - 4 potions of flight
 d - a potion of might
 f - 4 potions of curing
 h - 3 potions of brilliance
 i - 4 potions of lignification
 j - 3 potions of heal wounds
 t - 2 potions of ambrosia
 x - 2 potions of resistance {unknown}
 A - a potion of haste {unknown}
 F - a potion of berserk rage


   Skills:
 + Level 11.9 Fighting
 + Level 11.9 Axes
 - Level 5.0 Armour
 - Level 5.0 Dodging
 - Level 5.1 Shields


You had 9 spell levels left.
You didn't know any spells.
Your spell library contained the following spells:

 Spells                   Type           Power      Damage    Failure   Level
 Magic Dart               Conj           0%         1d3       100%        1
 Sandblast                Erth           0%         2d4       100%        1
 Passwall                 Tmut/Erth      0%         N/A       100%        2
 Searing Ray              Conj           0%         2d4       100%        2
 Portal Projectile        Hex/Tloc       0%         N/A       100%        3
 Stone Arrow              Conj/Erth      0%         3d7       100%        3
 Fulminant Prism          Conj/Hex       0%         3d6       100%        4
 Leda's Liquefaction      Hex/Erth       0%         N/A       100%        4
 Call Canine Familiar     Summ           Unusable   N/A       N/A         3

Dungeon Overview and Level Annotations

Branches:
Dungeon (8/15)             Temple (1/1) D:5            Lair (0/6) D:8

Altars:
Ashenzari
Cheibriados
Dithmenos
Fedhas
Gozag
Hepliaklqana
Makhleb
Nemelex Xobeh
Okawaru
Ru
Sif Muna
Trog
Uskayaw
Vehumet
Wu Jian
Xom
Yredelemnul
Zin
The Shining One

Shops:
D:2 [![*:


Innate Abilities, Weirdness & Mutations

You have a pair of horns on your head.
You reflexively headbutt those who attack you in melee.


Message History

You hit the komodo dragon but do no damage.
Your headbutt misses the komodo dragon.
The komodo dragon is moderately wounded.
You barely miss the komodo dragon. You headbutt the komodo dragon.
The komodo dragon is heavily wounded.
The komodo dragon bites you but does no damage.
You hit the komodo dragon.
The komodo dragon is heavily wounded.
The komodo dragon bites you but does no damage.
You hit the komodo dragon but do no damage.
You headbutt the komodo dragon.
The komodo dragon is heavily wounded.
Your plate armour prevents you from hitting the komodo dragon.
The komodo dragon is heavily wounded.
The komodo dragon bites you!
* * * LOW HITPOINT WARNING * * *
You closely miss the komodo dragon. Your headbutt misses the komodo dragon.
The komodo dragon is heavily wounded.
The komodo dragon closely misses you.
You hit the komodo dragon but do no damage.
Your headbutt misses the komodo dragon.
The komodo dragon is heavily wounded.
The komodo dragon bites you but does no damage.
You feel like a meek peon again.
The komodo dragon hisses menacingly.
The komodo dragon bites you!
* * * LOW HITPOINT WARNING * * *
The komodo dragon hisses menacingly.
There is a stone staircase leading up here.
You can't go down here!
The komodo dragon bites you!!
* * * LOW HITPOINT WARNING * * *
You climb upwards.
There is a stone staircase leading down here.
You see here a +0 flail.
You see here a +0 flail.
Things that are here:
a +0 leather armour; a +0 club The komodo dragon bites you!!
You die...

##................#...##..##..###
##................#...'........#
##..##..##........#...#........#
##..##.[#######...#...#........#
##......##...##..##...##.......#
##......)....'...##...##.......#
######..##...#........##..###..#
##..######...##.l.....##########
........##...##.@.....>......#
.............##..###..##.....#
######..##...##..###..##.....#
##..######.)..#...'..........##
##..#.........#..<#...........#
....#..>##..########..####..#.##
....#...##..# #..# ####..#
....##########################.#
....##.......#.......#.......#.#


You could see a komodo dragon.

Vanquished Creatures
  Harold (D:8)
  Erica (D:8)
  Maggie (D:8)
  2 steam dragons (D:6)
  4 orc warriors
  A black bear (D:5)
  2 sky beasts
  A necrophage (D:5)
  2 centaurs
  An ogre (D:6)
  A phantom (D:5)
  3 kobold brigands (D:8)
  3 bullfrogs (D:7)
  4 scorpions
  A wyvern zombie (D:7)
  A water moccasin zombie (D:6)
  A water moccasin skeleton (D:4)
  4 wights (D:8)
  A centaur zombie (D:8)
  4 hounds
  2 jellies
  3 gnoll shamans
  5 orc priests
  Crazy Yiuf (D:3)
  7 orc wizards
  An iguana (D:4)
  A hound zombie (D:5)
  A hound skeleton (D:5)
  2 howler monkey zombies
  13 gnolls
  2 howler monkey skeletons
  10 adders
  A shadow imp (D:8)
  A white imp (D:8)
  2 ufetubi
  An adder zombie (D:4)
  A worm (D:2)
  3 dart slugs
  20 orcs
  8 bats
  9 endoplasms
  4 giant cockroaches
  9 hobgoblins
  6 jackals
  4 quokkas
  10 ball pythons
  4 frilled lizards
  4 goblins
  28 kobolds
  9 rats
211 creatures vanquished.

Vanquished Creatures (others)
  18 fungi (D:6)
  16 plants
34 creatures vanquished.

Grand Total: 245 creatures vanquished

Notes
Turn   | Place    | Note
-------+----------+-------------------------------------------
     0 | D:1      | r3xj the Minotaur Fighter began the quest for the Orb.
     0 | D:1      | Reached XP level 1. HP: 19/19 MP: 0/0
   226 | D:1      | Reached XP level 2. HP: 15/27 MP: 1/1
   595 | D:1      | Reached XP level 3. HP: 30/33 MP: 2/2
  1118 | D:2      | Found Wirargho's Antique Armour Shoppe.
  1206 | D:2      | Found a faded altar of an unknown god.
  1254 | D:2      | Reached XP level 4. HP: 41/41 MP: 3/3
  1259 | D:2      | Found Tuec's General Store.
  1264 | D:2      | You fall into a shaft and drop 2 floors!
  1423 | D:4      | Reached XP level 5. HP: 20/47 MP: 4/4
  1921 | D:4      | Found a shimmering altar of Xom.
  1950 | D:4      | Identified the +3 ring mail of Hupsey {-Tele rElec Int+6
                  | Stlth-}
  2124 | D:3      | Found a hazy altar of Hepliaklqana.
  2152 | D:3      | Reached skill level 5 in Shields
  2418 | D:2      | Bought a scroll of fog for 26 gold pieces
  2418 | D:2      | Bought a scroll of teleportation for 39 gold pieces
  2418 | D:2      | Bought a scroll of magic mapping for 45 gold pieces
  2446 | D:2      | Found Feceh's Book Shoppe.
  2526 | D:2      | Reached XP level 6. HP: 55/55 MP: 5/5
  2542 | D:2      | Found Urreth's Antique Armour Boutique.
  2610 | D:2      | Reached skill level 5 in Fighting
  2778 | D:2      | Found Peash's Distillery.
  2789 | D:2      | Bought a potion of curing for 30 gold pieces
  3251 | D:3      | Reached skill level 5 in Axes
  3398 | D:3      | Found a runed translucent door.
  3399 | D:3      | Noticed Crazy Yiuf
  3580 | D:3      | Killed Crazy Yiuf
  3581 | D:3      | Reached skill level 5 in Armour
  4006 | D:5      | Entered Level 5 of the Dungeon
  4039 | D:5      | Reached skill level 1 in Dodging
  4390 | D:5      | Reached XP level 7. HP: 59/62 MP: 6/6
  4516 | D:5      | Found a staircase to the Ecumenical Temple.
  4567 | Temple   | Entered the Ecumenical Temple
  4778 | Temple   | Became a worshipper of Warmaster Okawaru
  5056 | D:5      | Found a burning altar of Makhleb.
  5564 | D:6      | Reached XP level 8. HP: 59/71 MP: 7/7
  6061 | D:6      | Reached * piety under Okawaru
  6070 | D:6      | Reached skill level 5 in Dodging
  6646 | D:6      | Reached XP level 9. HP: 7/82 MP: 5/8
  6646 | D:6      | Reached ** piety under Okawaru
  8387 | D:7      | Reached skill level 10 in Axes
  8626 | D:7      | Reached skill level 10 in Fighting
  8942 | D:2      | Bought a potion of heal wounds for 50 gold pieces
  8942 | D:2      | Bought a potion of flight for 30 gold pieces
  8942 | D:2      | Bought a potion of berserk rage for 50 gold pieces
  8978 | D:2      | Bought a potion of attraction for 39 gold pieces
  9152 | D:8      | Noticed Maggie
  9169 | D:8      | Killed Maggie
  9285 | D:8      | Noticed Erica
  9306 | D:8      | HP: 4/86 [poisoned by Erica (bolt of poison)]
  9310 | D:8      | Killed Erica
  9310 | D:8      | Reached *** piety under Okawaru
  9585 | D:8      | Reached XP level 10. HP: 72/96 MP: 6/9
  9998 | D:8      | Noticed Harold
 10007 | D:8      | Killed Harold
 10480 | D:8      | Found a staircase to the Lair.
 10675 | D:7      | Mangled by a komodo dragon

Illustrated notes

Levels and vault maps discovered:
D:1:      minmay_arrival_hallway, layout_basic
D:2:      layout_rooms, serial_shops, nicolae_diamond_shop, shop, shop,
          nicolae_lakefront_shop, shop, chequers_ecumenical_altar_lobes,
          nrook_uturn, serial_bayou_crossing
D:3:      layout_basic, mainiacjoe_overflow_alcove_4, serial_bayou,
          serial_bayou_ford_a, serial_bayou_pond_e, serial_bayou_lake_a,
          minmay_misc_feat_x, minmay_ruptured, uniq_crazy_yiuf_cottage
D:4:      layout_rooms, xom_redecorated, grunt_ministairs_1,
          kennysheep_generic_room_4
D:5:      layout_loops_ring, mainiacjoe_overflow_24_doors,
          minmay_temple_entry_nine_rooms, serial_co_window_serial,
          co_window_corner_a, co_window_paths_a, co_window_paths_a,
          co_window_paths_a, co_window_of_opportunity_a, co_window_broadway_a,
          co_window_unsneaky_path_e, co_window_paths_e, co_window_paths_d,
          glass_columns_a, glass_columns_a, amcnicky_mini_rare_corridor_liquid
D:6:      kennysheep_steamy, layout_loops_ring
D:7:      layout_gridville, minmay_door_square, hangedman_minor_gate_pass
D:8:      layout_basic, david_lair_shrubbed, bh_walls_and_bars, uniq_maggie,
          uniq_erica, uniq_harold
Temple:   regret_index_temple_sphere_string

Skill      XL: |  1  2  3  4  5  6  7  8  9 |
---------------+----------------------------+-----
Fighting       | 4 5 6 8 11 | 11.9
Shields        | 4 5 |  5.1
Armour         | 4 5 |  5.0
Axes           | 3 4 5 6 9 11 | 11.9
Dodging        | 2 3 5 |  5.0

Action                   |  1- 3 |  4- 6 |  7- 9 | 10-12 || total
-------------------------+-------+-------+-------+-------++-------
Melee: War axe           |    94 |   160 |   294 |    49 ||   597
       Headbutt          |     9 |    22 |    72 |    14 ||   117
Throw: Dart              |       |     3 |       |       ||     3
Invok: Heroism           |       |       |     5 |     2 ||     7
  Use: Scroll            |       |       |     4 |       ||     4
       Potion            |       |       |     1 |       ||     1
Armor: Scale mail        |    31 |       |       |       ||    31
       Plate armour      |    35 |   106 |   180 |    16 ||   337
Dodge: Dodged            |    49 |    42 |    74 |    11 ||   176
Block: Buckler           |    19 |    40 |    63 |     8 ||   130

Table legend: (Time is in decaauts)
 A = Elapsed time spent in this place.
 B = Non-inter-level travel time spent in this place.
 C = Inter-level travel time spent in this place.
 D = Time resting spent in this place.
 E = Time spent auto-exploring this place.
 F = Levels seen in this place.
 G = Mean time per level.
                   A        B        C        D        E       F      G
               +--------+--------+--------+--------+--------+-----+--------+
         Total |  10839 |  10008 |    831 |    552 |   7771 |   9 | 1204.3 |
       Dungeon |  10605 |   9843 |    762 |    552 |   7623 |   8 | 1325.6 |
        Temple |    233 |    164 |     69 |      0 |    148 |   1 |  233.0 |
               +--------+--------+--------+--------+--------+-----+--------+

Top non-repeatable levels by time:
     D:6: 2071 daAuts
     D:8: 1513 daAuts
     D:5: 1465 daAuts
     D:2: 1277 daAuts
     D:7: 1236 daAuts
     D:3: 1144 daAuts
     D:4: 1040 daAuts
     D:1: 857 daAuts
  Temple: 233 daAuts
